 Dungeon Crawl Stone Soup version 0.32-a0-932-g546787307d (webtiles) character file.

Game seed: 6017835900620350322

109 Twinkles the Chiller (level 4, -3/35 HPs)
             Began as a Draconian Ice Elementalist on Apr 21, 2024.
             Slain by a gnoll
             ... wielding a +0 club
              (6 damage)
             ... on level 3 of the Dungeon.
             The game lasted 00:06:38 (1990 turns).

Twinkles the Chiller (Draconian Ice Elementalist)   Turns: 1990, Time: 00:06:39

Health: -3/35      AC: 10    Str: 10    XL:     4   Next: 60%
Magic:  11/16      EV: 11    Int: 17    God:
Gold:   114        SH:  0    Dex: 12    Spells: 4/8 levels left

rFire   . . .        a - +0 short sword
rCold   . . .        (no shield)
rNeg    . . .        (body armour unavailable)
rPois   .            (helmet restricted)
rElec   .            j - +0 cloak
rCorr   .            (no gloves)
SInv    .            (no boots)
Will    .....        (no amulet)
Stlth   ++           o - +4 ring of protection
HPRegen 0.25/turn    n - ring of magical power
MPRegen 0.15/turn

%: no passive effects
@: freezing walls
A: AC +5, unfitting armour, cold-blooded
a: no special abilities


You were on level 3 of the Dungeon.
You visited 1 branch of the dungeon, and saw 3 of its levels.

You collected 114 gold pieces.

Inventory:

Hand Weapons
 a - a +0 short sword (weapon)
Armour
 i - a +0 buckler
 j - a +0 cloak (worn)
Jewellery
 e - a ring of fire
 n - a ring of magical power (right hand)
 o - a +4 ring of protection (left hand)
Scrolls
 g - a scroll of revelation {unknown}
 h - 3 scrolls of identify {unknown}
 k - a scroll of blinking {unknown}
 l - 2 scrolls of teleportation {unknown}
Potions
 b - 2 potions of degeneration {unknown}
 c - a potion of brilliance {unknown}
 d - a potion of curing {unknown}
 f - a potion of lignification {unknown}
 m - a potion of enlightenment {unknown}
 p - 3 potions of cancellation {unknown}
 Q - a potion of magic


   Skills:
 + Level 1.6 Fighting
 + Level 2.6 Dodging
 + Level 2.6 Stealth
 + Level 2.6 Spellcasting
 + Level 4.4 Ice Magic


You had 4 spell levels left.
You knew the following spells:

 Your Spells              Type           Power      Damage    Failure   Level
a - Freeze                Ice            68%        1d8       3%          1
b - Frozen Ramparts       Ice            34%        1d6       9%          3

Your spell library contained the following spells:

 Spells                   Type           Power      Damage    Failure   Level
 Ozocubu's Armour         Ice            17%        N/A       9%          3
 Summon Ice Beast         Ice/Summ       9%         N/A       22%         3


Dungeon Overview and Level Annotations

Branches:
Dungeon (3/15) Zot: 16009

Altars:


Innate Abilities, Weirdness & Mutations

Your plain brown scales are hard. (AC +5)
You cannot fit into any form of body armour.
You are cold-blooded and may be slowed by cold attacks.


Message History

The wall freezes the gnoll but does no damage.
The gnoll hits you with a +0 whip.
You completely miss the gnoll.
The gnoll is severely wounded.
The wall freezes the gnoll.
The gnoll misses you.
The gnoll shouts!
You hit the gnoll.
The gnoll is almost dead.
You hear a shout!
The wall freezes the gnoll.
You kill the gnoll!
The wall freezes the gnoll.
You hit the gnoll.
Your tail-slap misses the gnoll.
The gnoll is heavily wounded.
The wall freezes the gnoll.
The gnoll hits you with a +0 flail.
You barely miss the gnoll.
The gnoll is severely wounded.
The frozen ramparts melt away.
The gnoll hits you with a +0 flail!
* * * LOW HITPOINT WARNING * * *
A goblin comes into view. It is wielding a +2 dagger of venom.
Casting: Frozen Ramparts (dangerous; 9% risk of failure)
Press: ? - help, Q - select action, (/) - cycle Dir - look around, f - activate The walls around you are covered in ice.
The wall freezes the gnoll. x2; The gnoll hits you but does no damage.
Unknown command.
You hit the gnoll.
You kill the gnoll!
The wall freezes the gnoll.
You hit the gnoll.
Your tail-slap misses the gnoll.
The gnoll is heavily wounded.
The wall freezes the gnoll.
The gnoll hits you with a +0 club.
* * * LOW HITPOINT WARNING * * *
You closely miss the gnoll.
Your tail-slap misses the gnoll.
The gnoll is severely wounded.
The wall freezes the gnoll but does no damage.
The gnoll hits you but does no damage.
You hit the gnoll but do no damage.
Your tail-slap misses the gnoll.
The gnoll is severely wounded.
The wall freezes the gnoll.
The gnoll hits you with a +0 club.
You die...

.......#..#.#.#
......#......< #.#
#.#..........# #.#
#.#........... ..
#.## #.............
.# #.##.#...........#
.###.##.#.....#).# .#
.................#..#
.......##.......@g..#
.......##...#.#..#..#
..........)>#.#..#
....
......#.#)#.#.#g.#
###.
).##..#.#.#.#.....
#.........#.#.#..#.
####..#.#)#...#.....
# #..#.#)#....... . #
#..#.#.#.#.


You could see a gnoll and a goblin.

Vanquished Creatures
  Robin (D:3)
  2 gnolls (D:3)
  2 adders (D:2)
  A dart slug (D:2)
  An orc (D:3)
  4 ball pythons
  5 bats
  2 endoplasms
  A giant cockroach (D:1)
  11 goblins
  9 hobgoblins
  3 jackals (D:1)
  3 frilled lizards
  6 kobolds
  A rat (D:2)
52 creatures vanquished.

Notes
Turn   | Place    | Note
-------+----------+-------------------------------------------
     0 | D:1      | Twinkles the Draconian Ice Elementalist began the quest for
                  | the Orb.
     0 | D:1      | Reached XP level 1. HP: 14/14 MP: 3/3
   238 | D:1      | Reached XP level 2. HP: 20/20 MP: 1/5
   784 | D:1      | Reached XP level 3. HP: 27/27 MP: 6/6
  1114 | D:2      | Reached skill level 1 in Fighting
  1545 | D:2      | Learned a level 3 spell: Frozen Ramparts
  1875 | D:3      | Noticed Robin
  1888 | D:3      | Reached XP level 4. HP: 35/35 MP: 7/7
  1892 | D:3      | Killed Robin
  1985 | D:3      | HP: 8/35 [gnoll/+0 flail (8)]
  1988 | D:3      | HP: 3/35 [gnoll/+0 club (6)]
  1990 | D:3      | Slain by a gnoll

Illustrated notes

Levels and vault maps discovered:
D:1:      dpeg_arrival_morbid_curiosity, layout_basic, grunt_decor_one_mirror,
          feat_on_display
D:2:      layout_rooms, minmay_misc_feat_five, kennysheep_generic_room_10
D:3:      layout_basic, minitemple, hellmonk_guarded_unrand_hermit, uniq_robin,
          uniq_grinder

Skill      XL: |  1  2  3 |
---------------+----------+-----
Stealth        | 2 |  2.6
Dodging        | 2 |  2.6
Fighting       | 1 |  1.6
Spellcasting   | |  2.6
Ice Magic      | |  4.4

Action                     |  1- 3 |  4- 6 || total
---------------------------+-------+-------++-------
  Melee: Short sword       |   112 |    32 ||   144
         Unarmed           |     5 |       ||     5
         Punch             |     1 |       ||     1
         Tailslap          |     6 |     2 ||     8
   Cast: Freeze            |    25 |     1 ||    26
         Frozen Ramparts   |     2 |     3 ||     5
   Stab: Sleeping          |     2 |       ||     2
 Armour: Skin              |    71 |    20 ||    91
  Dodge: Dodged            |    96 |    11 ||   107

Table legend: (Time is in decaauts)
 A = Elapsed time spent in this place.
 B = Non-inter-level travel time spent in this place.
 C = Inter-level travel time spent in this place.
 D = Time resting spent in this place.
 E = Time spent auto-exploring this place.
 F = Levels seen in this place.
 G = Mean time per level.
                   A        B        C        D        E       F      G
               +--------+--------+--------+--------+--------+-----+--------+
         Total |   1990 |   1891 |     99 |      3 |   1436 |   3 |  663.3 |
       Dungeon |   1990 |   1891 |     99 |      3 |   1436 |   3 |  663.3 |
               +--------+--------+--------+--------+--------+-----+--------+

Top non-repeatable levels by time:
     D:1: 1079 daAuts
     D:2: 629 daAuts
     D:3: 280 daAuts
